 Dungeon Crawl Stone Soup version 0.26-b1-32-g5d43845318 (webtiles) character file.

Game seed: 7227164573977822873

1012 Borgoz the Slasher (level 8, 0/56 HPs)
             Began as a Halfling Fighter on Jan 9, 2021.
             Succumbed to a killer bee's poison
             ... on level 5 of the Dungeon.
             The game lasted 00:08:01 (5344 turns).

Borgoz the Slasher (Halfling Fighter)               Turns: 5344, Time: 00:08:02

Health: 0/56       AC: 12    Str: 17    XL:     8   Next: 45%
Magic:  8/8        EV:  9    Int:  6    God:
Gold:   287        SH: 10    Dex: 16    Spells: 7/7 levels left

rFire    + . .     SeeInvis .   a - +0 long sword
rCold    + . .     Faith    .   c - +0 kite shield
rNeg     . . .     Spirit   .   f - +0 scale mail
rPois    .         Reflect  .   g - +0 helmet
rElec    .         Harm     .   k - scarf {rC+ rF+}
rCorr    +         Rampage  .   v - +0 pair of gloves
Will     .....                  l - +1 pair of boots
Stlth    ..........             (no amulet)
HPRegen  0.18/turn              e - ring of resist corrosion
MPRegen  0.11/turn              (no ring)

@: lethally poisoned (0 -> -14)
A: small, mutation resistance 1
a: no special abilities


You were on level 5 of the Dungeon.
You visited 1 branch of the dungeon, and saw 5 of its levels.

You collected 287 gold pieces.

Inventory:

Hand Weapons
 a - a +0 long sword (weapon)
 b - a +2 vampiric dagger
 d - a +0 rapier
Armour
 c - a +0 kite shield (worn)
 f - a +0 scale mail (worn)
 g - a +0 helmet (worn)
 k - a scarf of resistance (worn)
 l - a +1 pair of boots (worn)
 v - a +0 pair of gloves (worn)
Jewellery
 e - a ring of resist corrosion (left hand)
Wands
 o - a wand of paralysis (5)
Scrolls
 i - a scroll of remove curse
 j - a scroll of fog
 m - a scroll of teleportation
 s - 2 scrolls of magic mapping {unknown}
 u - a scroll of blinking
Potions
 h - 4 potions of haste
 n - 2 potions of lignification
 p - a potion of flight
 r - 2 potions of might


   Skills:
 * Level 5.5 Fighting
 * Level 5.6 Long Blades
 + Level 5.2 Armour
 + Level 5.3 Shields


You had 7 spell levels left.
You didn't know any spells.
Your spell library was empty.

Dungeon Overview and Level Annotations

Branches:
Dungeon (5/15)
 Temple: D:4-7

Altars:
Qazlal
Xom
Zin

Shops:
D:4 *


Innate Abilities, Weirdness & Mutations

You are small and have problems with some larger weapons.
You are somewhat resistant to further mutation.


Message History

* * * LOW HITPOINT WARNING * * *
You feel sick.
The killer bee stings you but does no damage. x3
You block the killer bee's attack. x2
You slash the killer bee!
You kill the killer bee!
You feel less wooden.
Your scarf of resistance unmelds from your body.
Your +0 helmet unmelds from your body.
Your +0 pair of gloves unmelds from your body.
Your +1 pair of boots unmelds from your body.
Your +0 scale mail unmelds from your body.
You feel resistant to extremes of temperature.
* * * LOW HITPOINT WARNING * * *
You feel sick. You block the killer bee's attack. The killer bee stings you.
* * * LOW HITPOINT WARNING * * *
You are more poisoned.
The killer bee poisons you!
You completely miss the killer bee.
You die...

...........# #...#..####
....###....###+###.....##
.....##.........#.......#
...#####..).....##.###..#
...###...........## #..##
....##...........####...##
........##.......##.#....#
......#####?<...†#..#..###
....### ###...#.@...#.## ....###
#....####y.....#
....#.####.#)..##(...#####
......##...#.#....##.....#
...........#####.####....#####y.
............# ...# ####$.......
.....#########... #.......yy..
.....# #..................
.....# #. .....#.........


You could see a killer bee.

Vanquished Creatures
  Eustachio (D:3)
  A centaur (D:2)
  2 scorpions
  3 killer bees (D:5)
  A centaur zombie (D:4)
  A quasit (D:5)
  Crazy Yiuf (D:3)
  An orc priest (D:3)
  A jelly (D:5)
  A centaur skeleton (D:4)
  2 hounds (D:4)
  An orc wizard (D:3)
  Ijyb (D:4)
  3 worker ants
  An iguana (D:5)
  A hound skeleton (D:4)
  Robin (D:4)
  5 adders
  An ufetubus (D:5)
  2 worms (D:2)
  A dart slug (D:1)
  2 leopard geckos
  2 orcs (D:3)
  5 giant cockroaches
  15 hobgoblins
  9 kobolds
  2 quokkas
  13 bats
  7 frilled lizards
  14 goblins
  8 rats
109 creatures vanquished.

Notes
Turn   | Place    | Note
-------+----------+-------------------------------------------
     0 | D:1      | Borgoz the Halfling Fighter began the quest for the Orb.
     0 | D:1      | Reached XP level 1. HP: 15/15 MP: 1/1
    96 | D:1      | Reached XP level 2. HP: 16/20 MP: 2/2
   342 | D:1      | Reached XP level 3. HP: 13/26 MP: 3/3
  1346 | D:2      | Reached XP level 4. HP: 31/31 MP: 4/4
  1520 | D:2      | Noticed a centaur
  1531 | D:2      | Killed a centaur
  1532 | D:2      | Reached XP level 5. HP: 15/37 MP: 5/5
  1979 | D:2      | Found a stormy altar of Qazlal.
  2689 | D:3      | Found a runed translucent door.
  2690 | D:3      | Noticed Crazy Yiuf
  2765 | D:3      | Reached XP level 6. HP: 24/43 MP: 6/6
  3417 | D:3      | Killed Crazy Yiuf
  3582 | D:4      | Noticed an angel
  3583 | D:4      | Found a glowing silver altar of Zin.
  3584 | D:4      | Found a shimmering altar of Xom.
  3643 | D:4      | Noticed Ijyb
  3661 | D:4      | Killed Ijyb
  3662 | D:4      | Reached XP level 7. HP: 49/49 MP: 7/7
  3674 | D:4      | Noticed Robin
  3675 | D:4      | Noticed Eustachio
  4189 | D:3      | Killed Eustachio
  4381 | D:4      | Killed Robin
  4653 | D:4      | Found Faop's General Store.
  4665 | D:4      | Reached skill level 5 in Fighting
  4665 | D:4      | Reached skill level 5 in Long Blades
  4669 | D:4      | Reached skill level 5 in Shields
  4669 | D:4      | Reached XP level 8. HP: 40/55 MP: 8/8
  4956 | D:5      | Entered Level 5 of the Dungeon
  4966 | D:5      | Reached skill level 5 in Armour
  5343 | D:5      | HP: 2/56 [killer bee (1)]
  5344 | D:5      | Succumbed to a killer bee's poison

Illustrated notes

Levels and vault maps discovered:
D:1:      kennysheep_arrival_forest, layout_rooms, minivault_4, st_stairs_14
D:2:      layout_basic, grunt_qazlal_clouds
D:3:      layout_basic, nrook_loot_triangle, minmay_misc_feat_chi,
          uniq_crazy_yiuf_cottage
D:4:      layout_cave_pools, grunt_temple_overflow_order_and_chaos_1,
          serial_column_ruins, column_ruins_open_small,
          column_ruins_columns_corner, column_ruins_columns_corner,
          column_ruins_grid_1, column_ruins_grid_1, column_ruins_open_small,
          serial_shops, shop, uniq_ijyb, uniq_robin, uniq_eustachio
D:5:      layout_cave_pools, temple_green, kennysheep_small_square

Skill      XL: |  1  2  3  4  5  6  7  8 |
---------------+-------------------------+-----
Fighting       | 3 4 5 |  5.5
Long Blades    | 3 4 5 |  5.6
Armour         | 4 5 |  5.2
Shields        | 4 5 |  5.3

Action                   |  1- 3 |  4- 6 |  7- 9 || total
-------------------------+-------+-------+-------++-------
Melee: Long sword        |   122 |   145 |   163 ||   430
  Use: Scroll            |     3 |     5 |     6 ||    14
       Potion            |       |     1 |     7 ||     8
Armor: Scale mail        |    80 |    70 |   105 ||   255
       Skin              |       |       |    50 ||    50
Dodge: Dodged            |    55 |    56 |   103 ||   214
Block: Kite shield       |    93 |    77 |   167 ||   337
       Rpst.: Long sword |    26 |    21 |    28 ||    75
